 Dungeon Crawl Stone Soup version 0.31-a0-358-gac0dbeb3ab (webtiles) character file.

Game seed: 15166009230578274342

21 Bnni the Changeling (level 2, -1/18 HPs)
             Began as an Octopode Shapeshifter on July 25, 2023.
             Succumbed to Terence's poison
             ... on level 2 of the Dungeon.
             The game lasted 00:01:21 (1201 turns).

Bnni the Changeling (Octopode Shapeshifter)         Turns: 1201, Time: 00:01:22

Health: -1/18      AC:  1    Str: 14    XL:     2   Next: 87%
Magic:  2/2        EV: 13    Int: 10    God:
Gold:   61         SH:  0    Dex: 12    Spells: 1/1 levels left

rFire   . .          .
                       - Unarmed
rCold   . . .        (no shield)
rNeg    . . .        (helmet currently unavailable)
rPois   .            (no amulet)
rElec   .            (no ring)
rCorr   .            (no ring)
SInv    .            (no ring)
Will    .....        (no ring)
Stlth   ++           (no ring)
HPRegen 0.23/turn    (no ring)
MPRegen 0.08/turn    (no ring)
                     (no ring)

%: no passive effects
@: lethally poisoned (-1 -> -10), beast-form
A: beast (slay +2), almost no armour, amphibious, 8 rings, camouflage 1,
gelatinous body 1, (nimble swimmer 1), tentacles
a: Begin Untransformation


You were on level 2 of the Dungeon.
You were a hulking beast.
You visited 1 branch of the dungeon, and saw 2 of its levels.

You collected 61 gold pieces.

Inventory:

Missiles
 e - 4 poisoned darts
 f - 6 datura-tipped darts
Talismans
 b - a beast talisman
Scrolls
 c - 2 scrolls of identify {unknown}
 d - a scroll of teleportation {unknown}
 g - a scroll of noise {unknown}
 h - a scroll of revelation {unknown}
 i - 2 scrolls of blinking {unknown}
Potions
 a - 2 potions of lignification
 j - 2 potions of might {unknown}
 k - a potion of attraction {unknown}
 l - 2 potions of mutation {unknown}


   Skills:
 + Level 1.5 Fighting
 - Level 2.0 Dodging
 + Level 3.2 Unarmed Combat
 * Level 3.4 Shapeshifting


You had one spell level left.
You didn't know any spells.
Your spell library contained the following spells:

 Spells                   Type           Power      Damage    Failure   Level
 Necrotise                Necr           0%         1d4       36%         1
 Vampiric Draining        Necr           0%         2d6       75%         3
 Agony                    Necr           0%         N/A       100%        5


Dungeon Overview and Level Annotations

Branches:
Dungeon (2/15)

Altars:

Shops:
D:1 :

Annotations:
D:2 1 runed translucent door, Crazy Yiuf


Innate Abilities, Weirdness & Mutations

You are a hulking beast.
Your limbs bulge with bestial killing power. (Slay +2)
You cannot wear most types of armour.
You are amphibious.
You can wear up to eight rings at the same time.
Your skin changes colour to match your surroundings (Stealth+).
Your rubbery body absorbs attacks. (AC +1, EV +1)
((You are camouflaged when in or above water. (Stealth+)))
You have tentacles for arms and can constrict up to eight enemies at once.


Message History

Throw: 5 darts (poison)
Press: ? - help, Shift-Dir - straight line, f/p - Terence
Aim: Terence, wielding a +0 mace of venom and wearing a +0 scale mail (poisoned, 61% to hit)
You throw a poisoned dart.
The poisoned dart barely misses Terence.
Unknown command.
You barely miss Terence. Your grab misses Terence. Terence closely misses you.
You tentacle-slap Terence. Your grab misses Terence.
Terence is lightly wounded.
Terence closely misses you.
You tentacle-slap Terence but do no damage.
You grab Terence.
Terence is lightly wounded.
You constrict Terence, but do no damage.
Terence hits you with a +0 mace of venom!
You are lethally poisoned!
You tentacle-slap Terence but do no damage.
Terence is lightly wounded.
You constrict Terence, but do no damage.
You feel very sick. Terence closely misses you.
You are too injured to fight recklessly!
Okay, then.
You completely miss Terence. You squeeze Terence!
Terence is heavily wounded.
You constrict Terence, but do no damage.
* * * LOW HITPOINT WARNING * * *
You feel very sick.
You tentacle-slap Terence.
Terence is severely wounded.
You constrict Terence.
* * * LOW HITPOINT WARNING * * *
You feel very sick.
Terence looks more healthy.
Terence completely misses you.
You tentacle-slap Terence but do no damage.
You tentacle-slap Terence, but do no damage.
Terence is almost dead.
You constrict Terence.
You kill Terence!
You die...

............
......... .
#..(#.............
.
#.#...............
. #.#.(.....# .
###..(......#
#............
#..?......#
#....)..#
##....h..#
#........# .
#........# .#..
#........###.....
###
#.................
♣♣#..)#
#.................
♣♣♣.+...#
#....)......#.#...
♣..♣#...#
#..................
.♣♣♣ ###
#..................


There were no monsters in sight!

Vanquished Creatures
  Terence (D:2)
  A dart slug (D:1)
  3 endoplasms (D:1)
  A giant cockroach (D:1)
  3 goblins (D:2)
  A hobgoblin (D:2)
  3 kobolds
  A quokka (D:1)
  2 ball pythons (D:1)
  2 bats
  A frilled lizard (D:1)
  A rat (D:1)
20 creatures vanquished.

Notes
Turn   | Place    | Note
-------+----------+-------------------------------------------
     0 | D:1      | Bnni the Octopode Shapeshifter began the quest for the Orb.
     0 | D:1      | Reached XP level 1. HP: 13/13 MP: 1/1
   123 | D:1      | Reached XP level 2. HP: 6/18 MP: 2/2
   735 | D:1      | Found Sampuni's Book Shop.
  1091 | D:2      | Found a runed translucent door.
  1092 | D:2      | Noticed Crazy Yiuf
  1188 | D:2      | Noticed Terence
  1201 | D:2      | Killed Terence
  1201 | D:2      | Succumbed to Terence's poison

Illustrated notes

Levels and vault maps discovered:
D:1:      ebering_hopf_link, layout_basic, serial_shops, nicolae_diamond_shop
D:2:      layout_basic, grunt_decor_resistance, uniq_terence,
          uniq_crazy_yiuf_cottage

Action                     || total
---------------------------++-------
  Melee: Unarmed           ||    36
         Constrict         ||     7
         Tentacles         ||     4
         Punch             ||     1
  Throw: Dart              ||     4
   Stab: Sleeping          ||     6
 Armour: Skin              ||     3
  Dodge: Dodged            ||    14

Table legend: (Time is in decaauts)
 A = Elapsed time spent in this place.
 B = Non-inter-level travel time spent in this place.
 C = Inter-level travel time spent in this place.
 D = Time resting spent in this place.
 E = Time spent auto-exploring this place.
 F = Levels seen in this place.
 G = Mean time per level.
                   A        B        C        D        E       F      G
               +--------+--------+--------+--------+--------+-----+--------+
         Total |   1198 |   1180 |     18 |      0 |   1010 |   2 |  599.0 |
       Dungeon |   1198 |   1180 |     18 |      0 |   1010 |   2 |  599.0 |
               +--------+--------+--------+--------+--------+-----+--------+

Top non-repeatable levels by time:
     D:1: 911 daAuts
     D:2: 286 daAuts
